 Dungeon Crawl Stone Soup version 0.23.0 (webtiles) character file.

Game seed: 16233991651645196280

2503 elfaar the Carver (level 9, -12/75 HPs)
             Began as a Minotaur Fighter on Feb 14, 2019.
             Was a Priest of Okawaru.
             Engulfed by a cloud of flame (13 damage)
             ... on level 9 of the Dungeon on Feb 15, 2019.
             The game lasted 01:06:18 (4739 turns).

elfaar the Carver (Minotaur Fighter)                Turns: 4739, Time: 01:06:21

Health: -12/75     AC: 15    Str: 23    XL:     9   Next: 28%
Magic:  8/8        EV:  7    Int:  5    God:    Okawaru [***...]
Gold:   263        SH: 11    Dex: 11    Spells: 8/8 levels left

rFire    . . .     SeeInvis .   a - +2 long sword
rCold    . . .     Gourm    .   c - +0 shield
rNeg     . . .     Faith    .   i - +1 chain mail
rPois    .         Spirit   .   (helmet restricted)
rElec    .         Reflect  .   (no cloak)
rCorr    .         Harm     .   (no gloves)
MR       .....                  (no boots)
Stlth    ..........             (no amulet)
HPRegen  0.22/turn              q - +4 ring of protection
MPRegen  0.11/turn              (no ring)

@: no status effects
A: retaliatory headbutt, horns 2
a: Heroism, Renounce Religion


You were on level 9 of the Dungeon.
You worshipped Okawaru.
Okawaru was most pleased with you.
You were not hungry.

You visited 1 branch of the dungeon, and saw 8 of its levels.
You also visited: Sewer.

You collected 263 gold pieces.

Inventory:

Hand Weapons
 a - a +2 long sword (weapon)
 E - a +0 longbow
Missiles
 l - 64 arrows
 r - 3 silver tomahawks
 v - 5 tomahawks of returning (quivered)
Armour
 c - a +0 shield (worn)
 i - a +1 chain mail (worn)
Jewellery
 q - a +4 ring of protection (left hand)
Wands
 u - a wand of paralysis (6)
 y - a wand of random effects (20)
 C - a wand of flame (23)
 G - a wand of digging (4)
Scrolls
 k - 2 scrolls of remove curse
 m - 5 scrolls of teleportation
 o - a scroll of immolation
 w - 2 scrolls of magic mapping
 z - a scroll of identify
 A - a scroll of amnesia
 B - 2 scrolls of fog
 D - 2 scrolls of fear
 J - a scroll of blinking
Potions
 b - a potion of haste {unknown}
 d - a potion of might
 g - 2 potions of brilliance
 h - a potion of resistance
 n - a potion of mutation {unknown}
 p - 2 potions of invisibility
 s - 2 potions of degeneration {unknown}
 t - a potion of magic {unknown}
 x - 5 potions of flight
 H - 4 potions of curing
 I - a potion of heal wounds {unknown}
 K - a potion of lignification {unknown}
Comestibles
 f - 7 rations


   Skills:
 + Level 6.0 Fighting
 * Level 10.5 Long Blades
 + Level 2.5 Throwing
 + Level 6.8 Armour
 + Level 1.5 Dodging
 + Level 7.5 Shields
 + Level 1.0 Invocations


You had 8 spell levels left.
You didn't know any spells.
Your spell library contained the following spells:

 Spells                   Type           Power        Failure   Level  Hunger
 Magic Dart               Conj           #...         100%        1    ##.....
 Searing Ray              Conj           #.....       100%        2    ###....
 Dazzling Spray           Conj/Hex       #.....       100%        3    ####...
 Force Lance              Conj/Tloc      #.......     100%        4    #####..
 Fulminant Prism          Conj/Hex       #.........   100%        4    #####..
 Iskenderun's Mystic Bla  Conj           #.......     100%        4    #####..


Dungeon Overview and Level Annotations

Branches:
Dungeon (7/15)
 Temple: D:4-7

Altars:
Fedhas
Hepliaklqana
Okawaru
Uskayaw
Yredelemnul

Shops:
D:6 =

Annotations:
D:3 2 runed translucent doors, Nattefrost's ghost, amateur HuWn


Innate Abilities, Weirdness & Mutations

You reflexively headbutt those who attack you in melee.
You have a pair of horns on your head.


Message History

You hit the orc wizard. You headbutt the orc wizard!
The orc wizard explodes!
The fiery explosion engulfs the orc!!
The orc explodes!
The fiery explosion engulfs you!!
The fiery explosion engulfs the orc warrior!!
The orc warrior explodes!
The fiery explosion engulfs the orc!!
The orc explodes!
The fiery explosion engulfs you. Okawaru accepts your kill.
The fiery explosion engulfs the orc priest!!
The orc priest explodes!
Okawaru accepts your kill. x3
The fiery explosion engulfs you!!
* * * LOW HITPOINT WARNING * * *
Okawaru accepts your kill.
Your Fighting skill increases to level 6!
You are engulfed in blazing flames.
You die...

#.........
#.[..%....
#.........
#.........
#.....%...
#§§§§§§...
#§§§§§§...
#§@§§.§...
#.§######.
#..# #..#
#..#
#..#####
#...(..##
#.......#
#.#######


There were no monsters in sight!

Vanquished Creatures
  A two-headed ogre (D:5)
  An orc warrior (D:9)
  2 sky beasts (D:5)
  2 ogres
  An ice beast (D:6)
  A centaur (D:2)
  2 big kobolds (Sewer)
  A bullfrog (D:6)
  3 scorpions
  2 crimson imps
  A bullfrog zombie (D:7)
  A quasit (D:6)
  A hound (D:4)
  3 orc priests
  A centaur skeleton (D:4)
  4 orc wizards
  An iguana (D:6)
  3 worker ants
  A hound zombie (D:5)
  A hound skeleton (D:4)
  A howler monkey zombie (D:6)
  A worker ant zombie (D:5)
  7 gnolls
  12 adders
  3 river rats
  A shadow imp (D:5)
  4 oozes
  3 worms
  3 dart slugs
  3 leopard geckos
  21 orcs
  4 bats
  8 giant cockroaches
  4 goblins
  15 hobgoblins
  8 jackals
  7 kobolds
  2 quokkas
  6 ball pythons
  4 frilled lizards
  A jackal skeleton (D:4)
  A quokka skeleton (D:7)
  6 rats
158 creatures vanquished.

Notes
Turn   | Place    | Note
-------+----------+-------------------------------------------
     0 | D:1      | elfaar the Minotaur Fighter began the quest for the Orb.
     0 | D:1      | Reached XP level 1. HP: 19/19 MP: 0/0
   107 | D:1      | Reached XP level 2. HP: 27/27 MP: 1/1
   356 | D:1      | Reached XP level 3. HP: 33/33 MP: 2/2
   619 | D:2      | Reached skill level 3 in Long Blades
   788 | D:2      | Noticed a centaur
   822 | D:2      | Killed a centaur
   822 | D:2      | Reached XP level 4. HP: 32/40 MP: 3/3
   903 | D:2      | Reached skill level 5 in Shields
   903 | D:2      | Reached XP level 5. HP: 45/46 MP: 4/4
   912 | D:2      | Reached skill level 4 in Long Blades
   914 | D:2      | Found an iron altar of Okawaru.
   936 | D:2      | Became a worshipper of Warmaster Okawaru
  1386 | D:3      | Found a large runed translucent door.
  1388 | D:3      | Found a large runed translucent door.
  1388 | D:3      | Noticed Nattefrost's ghost (amateur HuWn)
  1570 | D:4      | Reached XP level 6. HP: 48/55 MP: 5/5
  1586 | D:4      | Reached skill level 5 in Long Blades
  2162 | D:5      | Entered Level 5 of the Dungeon
  2180 | D:5      | Reached skill level 6 in Long Blades
  2278 | D:5      | Found a basalt altar of Yredelemnul.
  2315 | D:5      | Reached XP level 7. HP: 50/60 MP: 6/6
  2387 | D:5      | Reached * piety under Okawaru
  2390 | D:5      | Reached skill level 5 in Fighting
  2390 | D:5      | Reached skill level 7 in Long Blades
  2390 | D:5      | Reached skill level 5 in Armour
  3096 | D:5      | Noticed a two-headed ogre
  3109 | D:5      | Killed a two-headed ogre
  3109 | D:5      | Reached ** piety under Okawaru
  3109 | D:5      | Reached skill level 9 in Long Blades
  3109 | D:5      | Reached skill level 1 in Throwing
  3109 | D:5      | Reached skill level 1 in Dodging
  3109 | D:5      | Reached skill level 1 in Invocations
  3109 | D:5      | Reached XP level 8. HP: 46/69 MP: 4/7
  3218 | D:5      | Found a hide-covered altar of Uskayaw.
  3543 | D:6      | Found a blossoming altar of Fedhas.
  3543 | D:6      | Found an iron altar of Okawaru.
  3543 | D:6      | Found a hazy altar of Hepliaklqana.
  3622 | D:6      | Found a glowing drain.
  3644 | Sewer    | Entered a sewer
  4105 | D:6      | Reached XP level 9. HP: 66/75 MP: 8/8
  4144 | D:6      | Reached skill level 10 in Long Blades
  4323 | D:6      | Found Xaichucw's Jewellery Boutique.
  4491 | D:7      | Reached *** piety under Okawaru
  4714 | D:7      | You fall through a shaft for 2 floors!
  4739 | D:9      | HP: 1/75 [orc wizard/exploding inner flame[the player
                  | character] (25)]
  4739 | D:9      | Engulfed by a cloud of flame

Skill      XL: |  1  2  3  4  5  6  7  8  9 |
---------------+----------------------------+-----
Shields        | 4 5 6 7 |  7.5
Fighting       | 4 5 6 |  6.0
Long Blades    | 3 4 6 9 10 | 10.5
Armour         | 4 6 |  6.8
Throwing       | 1 2 |  2.5
Dodging        | 1 |  1.5
Invocations    | 1 |  1.0

Action                   |  1- 3 |  4- 6 |  7- 9 || total
-------------------------+-------+-------+-------++-------
Melee: Long sword        |   102 |   151 |   248 ||   501
       Headbutt          |    13 |    29 |    43 ||    85
Throw: Tomahawk          |       |    13 |    20 ||    33
Invok: Heroism           |       |       |     4 ||     4
Evoke: Wand              |       |       |     1 ||     1
  Use: Scroll            |     3 |     7 |     8 ||    18
       Potion            |       |     1 |     2 ||     3
  Eat: Ration            |       |     2 |     2 ||     4
Armor: Scale mail        |    10 |       |       ||    10
       Chain mail        |    52 |    90 |   124 ||   266
Dodge: Dodged            |    26 |    47 |    41 ||   114
Block: Shield            |    61 |    88 |   115 ||   264
       Rpst.: Long sword |     6 |    10 |    10 ||    26
